 Dungeon Crawl Stone Soup version 0.24.0-41-g2ae2f7f1be (webtiles) character file.

Game seed: 17126509541815283337, levelgen mode: deterministic

36 Gwanngwann the Grave Robber (level 3, 0/26 HPs)
             Began as a Ghoul Necromancer on Dec 13, 2019.
             Slain by an adder (2 damage)
             ... on level 1 of the Dungeon.
             The game lasted 00:09:18 (1089 turns).

Gwanngwann the Grave Robber (Ghoul Necromancer)     Turns: 1089, Time: 00:09:19

Health: 0/26       AC:  5    Str: 11    XL:     3   Next: 37%
Magic:  3/5        EV: 10    Int: 10    God:
Gold:   34         SH:  0    Dex: 10    Spells: 5/6 levels left

rFire    . . .     SeeInvis .   e - +0 dagger
rCold    + . .     Gourm    .   (no shield)
rNeg     + + +     Faith    .   d - +0 ring mail
rPois    ∞         Spirit   .   (no helmet)
rElec    .         Reflect  .   (no cloak)
rCorr    .         Harm     .   (no gloves)
MR       .....                  (no boots)
Stlth    +.........             (no amulet)
HPRegen  0.00/turn              (no ring)
MPRegen  0.09/turn              (no ring)

@: very slightly contaminated, rotting
A: rotting body, claws 1, carnivore, cold resistance 1, negative energy
resistance 3, inhibited regeneration, torment resistance, unbreathing
a: no special abilities


You were on level 1 of the Dungeon.
You were not hungry.

You visited 1 branch of the dungeon, and saw 2 of its levels.

You collected 34 gold pieces.

Inventory:

Hand Weapons
 e - a +0 dagger (weapon)
 h - a +0 spear
Missiles
 i - 2 atropa-tipped darts (quivered)
 m - 24 bolts
Armour
 a - a +0 robe
 d - a +0 ring mail (worn)
Jewellery
 n - an uncursed amulet of rage {unknown}
Scrolls
 f - a scroll of noise {unknown}
 g - a scroll of teleportation {unknown}
 k - a scroll of remove curse {unknown}
Potions
 j - a potion of might {unknown}
 l - a potion of flight {unknown}
Comestibles
 c - a ration


   Skills:
 + Level 0.2 Fighting
 + Level 1.9 Dodging
 + Level 2.2 Stealth
 + Level 0.3 Unarmed Combat
 + Level 2.2 Spellcasting
 + Level 4.6 Necromancy


You had 5 spell levels left.
You knew the following spells:

 Your Spells              Type           Power        Failure   Level  Hunger
a - Pain                  Necr           ##..         11%         1    ##.....

Your spell library contained the following spells:

 Spells                   Type           Power        Failure   Level  Hunger
 Animate Skeleton         Necr           N/A          11%         1    ##.....
 Vampiric Draining        Necr           ##........   32%         3    ####...
 Regeneration             Chrm/Necr      #.........   65%         3    ####...
 Animate Dead             Necr           N/A          73%         4    #####..


Dungeon Overview and Level Annotations

Branches:
Dungeon (2/15)

Altars:


Innate Abilities, Weirdness & Mutations

Your body is rotting away.
You thrive on raw meat.
You are immune to poison.
You have sharp fingernails.
You are carnivorous and can eat meat at any time.
Your flesh is cold resistant. (rC+)
You are immune to negative energy. (rN+++)
You do not regenerate when monsters are visible.
You are immune to unholy pain and torment.
You can survive without breathing.


Message History

The adder bites you but does no damage.
You climb upwards.
There is a stone staircase leading down here.
Casting: Pain (safe; 11% risk of failure)
Confirm with . or Enter, or press ? or * to list all spells.
Aiming: Pain (safe; 11% risk of failure)
Press: ? - help, Shift-Dir - straight line, f - adder
Aim: an adder (chance to defeat MR: 71%)
You miscast Pain.
You are very lightly contaminated with residual magic.
You sense a malignant aura.
The adder bites you but does no damage.
Casting: Pain (safe; 11% risk of failure)
Confirm with . or Enter, or press ? or * to list all spells.
Aiming: Pain (safe; 11% risk of failure)
Press: ? - help, Shift-Dir - straight line, f/p - adder
Aim: an adder (chance to defeat MR: 71%)
The adder writhes in agony.
The adder bites you.
* * * LOW HITPOINT WARNING * * *
The adder bites you.
You die...

#.###....# #.##..##'##
#....##8.8##
#.####.....## ######
#.###8.....8#
#....###.##.........
#####........#8.........
#........#...'..........
#....##@.....#8.........
#....##S.#.#.##.........
#.............##8.....8#
#....#...#.....##.....##
###'##...######.##8.8##.
#.##...........##+##..
####.........###.....#...
#........#.....#######...
#..............####......


You could see an adder.

Vanquished Creatures
  A worm (D:2)
  A dart slug (D:1)
  A leopard gecko (D:1)
  2 giant cockroaches (D:1)
  A goblin (D:1)
  2 hobgoblins (D:1)
  4 jackals (D:1)
  A ball python (D:1)
  4 bats (D:1)
  3 frilled lizards (D:1)
  7 kobolds (D:1)
  4 rats
31 creatures vanquished.

Notes
Turn   | Place    | Note
-------+----------+-------------------------------------------
     0 | D:1      | Gwanngwann the Ghoul Necromancer began the quest for the
                  | Orb.
     0 | D:1      | Reached XP level 1. HP: 14/14 MP: 2/2
   139 | D:1      | Reached XP level 2. HP: 18/19 MP: 0/3
   608 | D:1      | Reached XP level 3. HP: 26/26 MP: 3/5
  1089 | D:1      | Slain by an adder

Levels and vault maps discovered:
D:1:      tarquinn_simple_flora_water_b, layout_basic, minmay_misc_feat_rows,
          dk_noncrumbling_4, minmay_splitting_lines, minmay_cut_off
D:2:      layout_rooms, uniq_jessica

Skill      XL: |  1  2 |
---------------+-------+-----
Spellcasting   | 2 |  2.2
Fighting       | |  0.2
Dodging        | |  1.9
Stealth        | |  2.2
Unarmed Combat | |  0.3
Necromancy     | |  4.6

Action                   || total
-------------------------++-------
Melee: Unarmed           ||    35
       Dagger            ||   102
 Cast: Pain              ||    36
  Eat: Chunk             ||    13
       Ration            ||     1
Armor: Robe              ||     6
       Ring mail         ||    54
Dodge: Dodged            ||   102
